 Dungeon Crawl Stone Soup version 0.25-a0-1113-g0499d652a8 (webtiles) character file.

Game seed: 4546928546771809298, levelgen mode: deterministic

73747 Lanoc the Basher (level 15, -1/144 HPs)
             Began as a Naga Chaos Knight on May 15, 2020.
             Was a Plaything of Xom.
             Slain by a shambling mangrove (13 damage)
             ... on level 1 of the Swamp on May 16, 2020.
             The game lasted 00:54:58 (26877 turns).

Lanoc the Basher (Naga Chaos Knight)               Turns: 26877, Time: 00:54:59

Health: -1/144     AC: 23    Str: 15    XL:     15   Next: 44%
Magic:  24/24      EV: 17    Int: 10    God:    Xom [...*..]
Gold:   3657       SH:  0    Dex: 23    Spells: 6/14 levels left

rFire    + . .     SeeInvis +   l - +2 great mace (chaos)
rCold    + + .     Gourm    .   (shield currently unavailable)
rNeg     + + +     Faith    .   L - +5 leather armour "Qyifoeze" {+Inv}
rPois    +         Spirit   .   (no helmet)
rElec    .         Reflect  .   v - +0 cloak
rCorr    .         Harm     .   k - +2 pair of gloves {archery}
MR       +....                  K - +0 naga barding {rC+}
Stlth    +++.......             I - amulet of Jum Alaepaef {RegenMP Fragile rN+++ Int-5 Dex+7}
HPRegen  0.34/turn              A - +4 ring of evasion
MPRegen  0.44/turn              D - +4 ring of slaying

@: grasped by roots, very slightly contaminated, constricted, invisible, very
slow
A: large, stinger 1, camouflage 1, see invisible, clever 1, cold resistance 1,
deformed body, fire resistance 1, high mp 1, mutation resistance 1, poison
resistance, slowness 2, slow metabolism 1, spit poison 1, constrict 1, sturdy
frame 1, AC +5
a: Spit Poison, Renounce Religion


You were on level 1 of the Swamp.
You worshipped Xom.
You were a favourite toy of Xom.
You were not hungry.

You visited 5 branches of the dungeon, and saw 23 of its levels.
You also visited: Ice Cave.

You collected 3929 gold pieces.
You spent 272 gold pieces at shops.

Inventory:

Hand Weapons
 l - a +2 great mace of chaos (weapon)
 t - a +2 demon whip of draining
 P - a +3 morningstar of freezing
Armour
 h - a +0 kite shield of reflection
 k - a +2 pair of gloves of archery (worn)
 v - a +0 cloak (worn)
 w - a +0 buckler of protection
 K - a +0 naga barding of cold resistance (worn)
 L - the +5 leather armour "Qyifoeze" (worn) {+Inv}
   (You found it on level 13 of the Dungeon)

   It lets you turn invisible.
 V - a scarf of repulsion
Jewellery
 A - a +4 ring of evasion (left hand)
 D - a +4 ring of slaying (right hand)
 I - the amulet of Jum Alaepaef (around neck) {RegenMP Fragile rN+++ Int-5 Dex+7}
   (Xom gifted it to you on level 8 of the Dungeon)

   [amulet of magic regeneration]

   It increases your magic regeneration.
   It affects your intelligence (-5).
   It affects your dexterity (+7).
   It renders you almost immune to negative energy.
   It will be destroyed if unequipped.
 J - the ring "Recuirch" {rC+ Str+4}
   (You acquired it on level 2 of the Lair of Beasts)

   [ring of protection from cold]

   It affects your strength (+4).
   It protects you from cold.
 Q - an uncursed amulet of the acrobat
Wands
 a - a wand of disintegration (13)
 b - a wand of iceblast (9)
 e - a wand of clouds (4)
 x - a wand of paralysis (37)
 G - a wand of acid (8)
 R - a wand of flame (22)
 W - a wand of polymorph (3)
Scrolls
 d - 4 scrolls of teleportation
 f - 5 scrolls of fear
 n - 2 scrolls of blinking
 o - 2 scrolls of magic mapping
 r - 10 scrolls of remove curse
 u - 2 scrolls of identify
 y - 4 scrolls of enchant armour
 B - 2 scrolls of fog
 M - 2 scrolls of immolation
 O - a scroll of vulnerability
 T - 3 scrolls of amnesia
 U - a scroll of silence
 Z - a scroll of brand weapon
Potions
 g - 3 potions of lignification
 i - 2 potions of haste
 j - a potion of berserk rage
 m - 3 potions of flight
 p - 6 potions of mutation
 q - 5 potions of magic
 s - a potion of resistance
 z - 3 potions of stabbing
 E - 13 potions of curing
 F - 4 potions of cancellation
 H - 3 potions of ambrosia
 N - 2 potions of brilliance
 S - 2 potions of might
Miscellaneous
 X - a phantom mirror
Comestibles
 c - 37 rations


   Skills:
 + Level 11.7 Fighting
 + Level 13.9 Maces & Flails
 + Level 9.8 Armour
 + Level 9.7 Dodging
 - Level 3.0 Shields
 * Level 7.2 Hexes
 - Level 10.0 Evocations


You had 6 spell levels left.
You knew the following spells:

 Your Spells              Type           Power        Failure   Level  Hunger
a - Discord               Hex            ##........   100%        8    #######

Your spell library contained the following spells:

 Spells                   Type           Power        Failure   Level  Hunger
 Corona                   Hex            ##.....      1%          1    ##.....
 Slow                     Hex            ##......     3%          2    ###....
 Cause Fear               Hex            ##........   21%         4    #####..
 Dazzling Flash           Conj/Hex       #.....       26%         3    ####...
 Inner Flame              Hex/Fire       #.......     26%         3    ####...
 Portal Projectile        Hex/Tloc       #.....       26%         3    ####...
 Summon Guardian Golem    Hex/Summ       #.......     26%         3    ####...
 Animate Skeleton         Necr           N/A          36%         1    ##.....
 Pain                     Necr           #...         36%         1    ##.....
 Summon Small Mammal      Summ           #...         36%         1    ##.....
 Call Imp                 Summ           #.......     52%         2    ###....
 Leda's Liquefaction      Hex/Erth       #.........   65%         4    #####..
 Call Canine Familiar     Summ           #.......     75%         3    ####...
 Vampiric Draining        Necr           #.........   75%         3    ####...
 Invisibility             Hex            ##......     97%         6    #######
 Animate Dead             Necr           N/A          98%         4    #####..
 Summon Ice Beast         Ice/Summ       #.......     98%         4    #####..
 Summon Lightning Spire   Summ/Air       #.......     98%         4    #####..
 Agony                    Necr           #.......     100%        5    ######.


Dungeon Overview and Level Annotations

Branches:
Dungeon (13/15)            Temple (1/1) D:6            Lair (6/6) D:10
  Swamp (1/4) Lair:3       Spider (0/4) Lair:3        Slime (0/5) Lair:5
    Orc (2/2) D:11            Elf (0/3) Orc:2         IceCv (visited)
 Vaults: D:13-14

Altars:
Cheibriados
Fedhas
Gozag
Hepliaklqana
Makhleb
Nemelex Xobeh
Qazlal
Ru
Sif Muna
Trog
Uskayaw
Xom
Jiyva

Shops:
D:4 }   D:6 }   D:10 :   D:11 (   Orc:2 =(([*

Annotations:
D:9 Gastronok
Lair:4 exclusion: 4 oklob plants


Innate Abilities, Weirdness & Mutations

You cannot wear boots.
Your serpentine skin is tough. (AC +5)
You have supernaturally acute eyesight. (SInv)
Armour fits poorly on your strangely shaped body.
Your system is resistant to poisons. (rPois)
You cover ground very slowly.
You have a slow metabolism.
You can spit poison.
You can use your snake-like lower body to constrict enemies.
Your tail ends in a poisonous barb.
Your skin changes colour to match your surroundings (Stealth+).
Your mind is acute. (Int +2)
Your flesh is cold resistant. (rC+)
Your flesh is heat resistant. (rF+)
You have an increased reservoir of magic. (+10% MP)
You are somewhat resistant to further mutation.
Your movements are slightly less encumbered by armour. (ER -2)


Message History

The shambling mangrove hits you but does no damage.
The hornet stings you but does no damage. x2
Blink to where?
Press: ? - help, Dir - move target cursor You escape the roots' grasp.
You are very lightly contaminated with residual magic.
As you read the scroll of blinking, it crumbles to dust.
As you read the scroll of teleportation, it crumbles to dust.
You feel strangely unstable.
Your surroundings suddenly seem different.
Xom thinks this is hilarious!
Roots burst forth from the earth!
The grasping roots grab you!
* * * LOW HITPOINT WARNING * * *
The grasping roots constrict you.
You fade into invisibility!
* * * LOW HITPOINT WARNING * * *
The grasping roots constrict you!
You feel better.
You die...

♣♣ ...♣♣ .♣♣♣♣
♣♣♣.≈≈.♣
≈♣≈.♣♣♣♣♣≈.≈≈≈.♣♣
≈♣.....♣≈....≈≈≈♣
≈≈..≈.♣ ♣..§≈≈≈.♣♣
...≈≈.♣♣♣..≈≈≈.≈≈♣
..≈≈(♣≈≈..≈≈≈≈≈≈.♣♣
≈...≈y......ff≈..≈♣
≈§y♣♣≈.≈≈.......@♣
≈≈y♣♣≈≈≈≈≈≈.≈≈≈.♣♣
>..♣♣≈..≈≈≈≈≈≈≈.♣
♣♣..♣♣♣♣..≈≈≈≈...
...≈♣♣ ♣≈.≈≈≈≈...
.....♣ ♣♣.≈≈≈≈.≈≈
....≈♣ ♣♣≈≈≈≈.≈≈
..♣♣♣♣ ♣♣≈..≈≈ .♣♣


You could see 2 shambling mangroves.

Vanquished Creatures
  Jorgrun (D:12)
  Donald (Orc:2)
  An orc warlord (Orc:2)
  A reaper (IceCv)
  A deep elf annihilator (D:11)
  Snorg (D:11)
  3 hydras
  A catoblepas (Lair:5)
  A ghost crab (Swamp:1)
  A death knight (D:11)
  3 centaur warriors
  An alligator (Swamp:1)
  2 two-headed ogres
  An orc high priest (Orc:2)
  A deep troll (shapeshifter) (D:11)
  2 unseen horrors (D:10)
  2 orc knights (Orc:2)
  An orb spider (Lair:3)
  6 ugly things
  8 orc sorcerers
  A deep elf mage (D:12)
  A moth of wrath (shapeshifter) (Swamp:1)
  2 cyclopes
  10 elephants
  An ice statue (IceCv)
  4 black mambas
  A torpor snail (Lair:4)
  7 spiny frogs
  3 rime drakes
  Maggie (Lair:1)
  A yaktaur (Lair:6)
  2 komodo dragons
  8 ice devils (IceCv)
  7 trolls
  9 hornets
  5 polar bears
  A bog body (Swamp:1)
  11 blink frogs
  2 dream sheep (Lair:6)
  A slime creature (D:12)
  13 hippogriffs
  2 tyrant leeches (Swamp:1)
  A shapeshifter (Orc:1)
  Sigmund (D:3)
  16 spriggans
  A vampire (D:12)
  3 wraiths (Swamp:1)
  31 yaks
  6 basilisks
  2 hungry ghosts
  Grum (D:11)
  9 vampire mosquitoes
  A swamp worm (Swamp:1)
  4 wargs
  14 water moccasins
  13 porcupines
  A swamp drake (Swamp:1)
  21 orc warriors
  3 sky beasts
  6 black bears
  3 phantoms
  An ice beast (D:6)
  An eye of draining (D:11)
  A necrophage (D:5)
  16 ogres
  3 boggarts (Lair:6)
  7 centaurs
  34 wolves
  11 crocodiles
  10 bullfrogs
  2 scorpions
  9 killer bees
  11 wights
  5 crimson imps
  8 hounds
  A quasit (D:8)
  3 centaur zombies
  2 centaur skeletons
  A jelly (Lair:6)
  7 orc priests
  A gnoll shaman (D:6)
  13 orc wizards
  A bullfrog skeleton (D:12)
  2 iguanas
  9 worker ants
  A killer bee zombie (D:9)
  2 hound skeletons
  3 worker ant zombies
  12 adders
  5 gnolls (D:6)
  2 shadow imps (D:8)
  8 white imps (IceCv)
  8 ufetubi (IceCv)
  An ooze (Orc:1)
  An adder skeleton (D:7)
  2 adder zombies (D:7)
  3 worms
  2 dart slugs
  3 leopard geckos
  52 orcs
  6 giant cockroaches
  11 goblins
  3 hobgoblins
  8 jackals
  5 kobolds
  A quokka (D:2)
  A ball python (D:1)
  4 bats
  2 frilled lizards
  6 rats
  2 plants
582 creatures vanquished.

Vanquished Creatures (collateral kills)
  An ugly thing (Swamp:1)
  An ice statue (IceCv)
  A spiny frog (Swamp:1)
  3 yaks (D:10)
  A wraith (Swamp:1)
  A swamp drake (Swamp:1)
  A black bear (D:10)
  A water moccasin zombie (D:6)
  2 wights (D:10)
  An orc (D:10)
13 creatures vanquished.

Vanquished Creatures (others)
  A worker ant (D:6)
  4 white imps (IceCv)
  2 ufetubi (IceCv)
  3 fungi (Orc:2)
  A plant (D:10)
11 creatures vanquished.

Grand Total: 606 creatures vanquished

Notes
Turn   | Place    | Note
-------+----------+-------------------------------------------
     0 | D:1      | Lanoc the Naga Chaos Knight began the quest for the Orb.
     0 | D:1      | Reached XP level 1. HP: 21/21 MP: 1/1
   344 | D:1      | Reached skill level 1 in Dodging
   344 | D:1      | Reached XP level 2. HP: 28/28 MP: 2/2
   908 | D:2      | Reached XP level 3. HP: 25/34 MP: 3/3
  1221 | D:2      | Reached XP level 4. HP: 42/42 MP: 4/4
  1346 | D:2      | Found a hide-covered altar of Uskayaw.
  1557 | D:2      | XOM is BORED!
  1731 | D:2      | Found a burning altar of Makhleb.
  1731 | D:2      | Found a shimmering altar of Xom.
  1805 | D:3      | XOM: noise
  1812 | D:3      | Noticed Sigmund
  1818 | D:3      | XOM: cast spell 'Leda's Liquefaction'
  1829 | D:3      | Killed Sigmund
  1829 | D:3      | Reached skill level 4 in Maces & Flails
  1829 | D:3      | Reached skill level 1 in Shields
  1829 | D:3      | Reached XP level 5. HP: 17/50 MP: 5/5
  1829 | D:3      | Reached XP level 6. HP: 19/57 MP: 6/6
  2385 | D:3      | XOM: 1-stop teleportation journey
  2997 | D:4      | Found Peesiunt's Gadget Shoppe.
  3072 | D:4      | XOM: silly message
  3078 | D:4      | XOM: silly message
  3214 | D:4      | XOM: summons friendly ufetubus
  3222 | D:4      | Reached skill level 5 in Maces & Flails
  3469 | D:4      | XOM: silly message
  3856 | D:4      | Reached XP level 7. HP: 64/64 MP: 7/7
  3967 | D:4      | XOM: 4-stop teleportation journey
  3998 | D:4      | Found a shimmering blue altar of Sif Muna.
  4076 | D:5      | Entered Level 5 of the Dungeon
  4141 | D:5      | XOM: divination: detect creatures
  4150 | D:5      | XOM: confuse monster(s)
  4211 | D:5      | XOM: enchant monster (bad)
  4217 | D:5      | Reached skill level 1 in Evocations
  4488 | D:5      | Reached XP level 8. HP: 73/73 MP: 9/9
  4761 | D:6      | Found a staircase to the Ecumenical Temple.
  4771 | D:6      | Got a spiked ring mail
  4782 | D:6      | Identified the +2 ring mail "Qisoroj" {rF+ rN+ Slay-5} (You
                  | found it on level 6 of the Dungeon)
  4798 | Temple   | Entered the Ecumenical Temple
  4824 | D:6      | XOM: scenery: create altars
  4831 | D:6      | Reached skill level 6 in Maces & Flails
  4861 | D:6      | XOM: summons 1 hostile demon
  4887 | D:6      | XOM: summons 5 hostile demons
  5249 | D:6      | Found Nuazuxiadu's Gadget Emporium.
  5487 | D:6      | Reached skill level 5 in Fighting
  5498 | D:6      | XOM: give mutations
  5498 | D:6      | Gained mutation: You evolve. [Xom's grace]
  5498 | D:6      | Gained mutation: Your muscles are strong. (Str +2) [Xom's
                  | grace]
  5510 | D:6      | XOM: cloud trail
  5573 | D:6      | XOM: god gift: lumpy black potion {god gift}
  5858 | D:7      | XOM: give mutations
  5858 | D:7      | Gained mutation: Your flesh is cold resistant. (rC+) [Xom's
                  | grace]
  5858 | D:7      | Gained mutation: Your movements are slightly less
                  | encumbered by armour. (ER -2) [Xom's grace]
  5874 | D:7      | XOM: give mutation
  5874 | D:7      | Gained mutation: Your tail ends in a poisonous barb. [Xom's
                  | grace]
  5926 | D:7      | XOM: scenery: 1 doors close
  6033 | D:7      | XOM: torment (38/74 hp)
  6222 | D:7      | Reached skill level 7 in Maces & Flails
  6398 | D:7      | Noticed a hippogriff
  6401 | D:7      | Noticed a spriggan baker
  6406 | D:7      | Killed a hippogriff
  6406 | D:7      | Reached XP level 9. HP: 73/81 MP: 11/11
  6698 | D:7      | XOM: cleaving
  6786 | D:7      | XOM: scenery: 1 doors open, 3 doors close
  6793 | D:7      | XOM: god gift: triangular golden amulet {god gift}
  6816 | D:7      | XOM: give mutation
  6816 | D:7      | Gained mutation: You are partially covered in large bone
                  | plates. (SH +4) [Xom's grace]
  6904 | D:7      | Found a sparkling altar of Nemelex Xobeh.
  6949 | D:7      | Found an opulent altar of Gozag.
  7061 | D:7      | XOM: 2-stop teleportation journey
  7095 | D:7      | XOM: god gift: 1600 gold pieces
  7403 | D:8      | XOM: summons 2 friendly demons
  7442 | D:8      | Noticed a two-headed ogre
  7449 | D:8      | XOM: enchant monster (good)
  7457 | D:8      | XOM: summons friendly quasit
  7464 | D:8      | Killed a two-headed ogre
  7464 | D:8      | Reached skill level 8 in Maces & Flails
  7646 | D:7      | XOM: god gift: wand of clouds (7)
  7667 | D:7      | Gained mutation: You possess an exceptional clarity of
                  | mind. [evolution]
  7668 | D:7      | XOM: god gift: halberd {god gift}
  7698 | D:8      | XOM: god gift: 5 rations
  7730 | D:8      | XOM: scenery: create altars
  7817 | D:8      | XOM: god gift: smoking lead amulet {god gift}
  7818 | D:8      | Got a smoking lead amulet {god gift}
  7818 | D:8      | Found a stormy altar of Qazlal.
  7818 | D:8      | XOM: 8-stop teleportation journey
  7831 | D:8      | Identified the amulet of Jum Alaepaef {RegenMP Fragile
                  | rN+++ Int-5 Dex+7} (Xom gifted it to you on level 8 of the
                  | Dungeon)
  8014 | D:8      | Reached XP level 10. HP: 90/92 MP: 13/13
  8087 | D:8      | Found a hazy altar of Hepliaklqana.
  8137 | D:8      | Paralysed by a hornet for 3 turns
  8168 | D:8      | XOM: god gift: 14 sling bullets
  8232 | D:8      | Reached skill level 5 in Armour
  8483 | D:9      | Reached skill level 9 in Maces & Flails
  8798 | D:9      | Noticed a lindwurm
  8798 | D:9      | a hippogriff changed into a lindwurm
  8798 | D:9      | Noticed Gastronok
  8997 | D:8      | Gained mutation: You have a pair of small horns on your
                  | head. [evolution]
  9191 | D:9      | XOM: god gift: box of beasts
  9194 | D:9      | XOM: give mutations
  9194 | D:9      | Gained mutation: You are robust. (+10% HP) [Xom's grace]
  9194 | D:9      | Gained mutation: Your flesh is heat resistant. (rF+) [Xom's
                  | grace]
  9258 | D:9      | XOM: give mutation
  9258 | D:9      | Gained mutation: Your flesh is very heat resistant. (rF++)
                  | [Xom's grace]
  9290 | D:9      | Reached skill level 5 in Dodging
  9621 | D:9      | XOM: scenery: create altars
  9653 | D:10     | Entered Level 10 of the Dungeon
  9711 | D:10     | Found a staircase to the Lair.
  9719 | D:10     | Reached skill level 5 in Evocations
  9728 | D:10     | XOM: enchant monster (good)
  9739 | D:10     | XOM: summons 1 hostile demon
  9751 | D:10     | XOM: summons 10 friendly demons
  9797 | D:10     | Noticed a white ugly thing
  9799 | D:10     | XOM: scenery: create altars
  9809 | D:10     | Killed a white ugly thing
  9884 | D:10     | XOM: scenery: create altars
  9931 | D:10     | XOM: god gift: short jewelled staff {god gift}
  9954 | D:10     | Noticed an unseen horror
  9960 | D:10     | XOM: confuse monster(s)
  9968 | D:10     | Killed an unseen horror
  9968 | D:10     | Reached skill level 10 in Maces & Flails
  9968 | D:10     | Reached XP level 11. HP: 109/110 MP: 15/15
 10122 | D:10     | XOM: cloud trail
 10130 | D:10     | Found Gatom's Book Shop.
 10200 | D:10     | XOM: swap monsters
 10213 | D:10     | XOM: silly message
 10479 | D:10     | XOM: cloud trail
 10514 | D:10     | XOM: summons 4 hostile shadow creatures
 10664 | D:10     | Gained mutation: You rapidly evolve. [evolution]
 10681 | D:10     | Noticed an unseen horror
 10702 | D:10     | XOM: chaos cloud
 10705 | D:10     | XOM: noise
 10707 | D:10     | XOM: confuse monster(s)
 10714 | D:10     | XOM: enchant monster (good)
 10719 | D:10     | Killed an unseen horror
 10969 | D:11     | Noticed a centaur warrior
 10975 | D:11     | XOM: noise
 10976 | D:11     | XOM: enchant monster (bad)
 10980 | D:11     | Killed a centaur warrior
 10983 | D:11     | Noticed Grum
 10986 | D:11     | Noticed Snorg
 11285 | D:11     | XOM: silly message
 11285 | D:11     | Noticed a death knight
 11292 | D:11     | XOM: noise
 11297 | D:11     | Noticed a two-headed ogre
 11298 | D:11     | Noticed a white ugly thing
 11324 | D:11     | Killed a white ugly thing
 11690 | D:11     | XOM: repel stairs
 11698 | D:11     | Killed Grum
 11898 | D:11     | XOM: summons 1 hostile demon
 12005 | D:11     | XOM: swap monsters
 12010 | D:11     | Killed a death knight
 12010 | D:11     | Reached skill level 11 in Maces & Flails
 12022 | D:11     | Found Ingo's Antique Weapon Shop.
 12028 | D:11     | Killed Snorg
 12404 | D:11     | Found a staircase to the Orcish Mines.
 12428 | D:11     | XOM: torment (76/114 hp)
 12467 | D:11     | XOM: summons 1 hostile demon
 12515 | D:11     | Found a large runed translucent door.
 12516 | D:11     | Found a large runed translucent door.
 12676 | D:11     | XOM: chaos upgrade
 12687 | D:11     | XOM: noise
 12688 | D:11     | Killed a two-headed ogre
 12688 | D:11     | Reached XP level 12. HP: 117/123 MP: 17/17
 12812 | D:11     | Noticed a deep elf annihilator
 12817 | D:11     | XOM: enchant monster (bad)
 12838 | D:11     | Killed a deep elf annihilator
 12844 | D:11     | Found a hide-covered altar of Uskayaw.
 12847 | D:11     | Found a bloodstained altar of Trog.
 12988 | D:12     | XOM: 1-stop teleportation journey
 13071 | D:12     | XOM: summons 7 hostile demons
 13194 | D:12     | XOM: stat loss: -1 Int (7/8)
 13247 | D:12     | XOM: enchant monster (bad)
 13262 | D:12     | XOM: scenery: 1 doors close
 13386 | D:12     | Noticed Jorgrun
 13399 | D:12     | XOM: summons friendly ufetubus
 13403 | D:12     | Killed Jorgrun
 13403 | D:12     | Reached skill level 12 in Maces & Flails
 13511 | D:12     | XOM: blink monster(s)
 13512 | D:12     | XOM: potion effect (curing)
 13518 | D:12     | XOM: potion effect (haste)
 13580 | D:12     | XOM: 5-stop teleportation journey
 13609 | D:12     | XOM: cast spell 'Olgreb's Toxic Radiance'
 13788 | D:12     | Gained mutation: You are resistant to electric shocks.
                  | (rElec) [evolution]
 13800 | D:12     | XOM: noise
 13969 | D:12     | XOM: divination: detect items
 13992 | D:12     | XOM: scenery: 3 doors close
 14266 | D:13     | XOM: give mutations
 14266 | D:13     | Gained mutation: You expend magic power (3 MP) to
                  | strengthen your wands. [Xom's grace]
 14266 | D:13     | Gained mutation: You have an increased reservoir of magic.
                  | (+10% MP) [Xom's grace]
 14282 | D:13     | Identified a scroll of acquirement
 14366 | D:13     | Got a fine leather armour
 14377 | D:13     | Identified the +5 leather armour "Qyifoeze" {+Inv} (You
                  | found it on level 13 of the Dungeon)
 14485 | D:13     | Noticed a centaur warrior
 14491 | D:13     | Noticed a centaur warrior
 14500 | D:13     | Killed a centaur warrior
 14506 | D:13     | Killed a centaur warrior
 14623 | D:13     | XOM: cleaving
 14696 | D:13     | Gained mutation: You can use your snake-like lower body to
                  | constrict enemies. [Naga growth]
 14696 | D:13     | Reached XP level 13. HP: 129/133 MP: 21/21
 14706 | D:13     | XOM: god gift: scroll labeled RUANESCH AMIHEP {god gift}
 14819 | D:13     | XOM: god gift: 3 rations
 14944 | D:13     | XOM: scenery: create altars
 15184 | D:13     | XOM: scenery: 1 doors open
 15311 | Orc:1    | Entered Level 1 of the Orcish Mines
 15335 | Orc:1    | Found a frozen archway.
 15344 | IceCv    | Entered an ice cave
 15442 | IceCv    | XOM: cast spell 'Summon Horrible Things'
 15549 | IceCv    | XOM: cleaving
 15551 | IceCv    | XOM: scenery: create altars
 15595 | IceCv    | XOM: fog
 15706 | IceCv    | Noticed a reaper
 15781 | IceCv    | Killed a reaper
 15788 | IceCv    | Got a heavily runed ring mail
 15888 | IceCv    | Identified the +1 ring mail of Kaut {Int+3 Dex+4} (You
                  | found it in an ice cave)
 15907 | IceCv    | Lost mutation: You have a pair of small horns on your head.
                  | [evolution]
 16079 | Orc:1    | XOM: 2-stop teleportation journey
 16092 | Orc:1    | XOM: polymorph orc knight -> elephant
 16112 | Orc:1    | XOM: polymorph orc warrior -> ooze
 16117 | Orc:1    | XOM: 1-stop teleportation journey
 16162 | Orc:1    | XOM: 2-stop teleportation journey
 16309 | Orc:2    | Entered Level 2 of the Orcish Mines
 16367 | Orc:2    | Found Woto Rad's Antique Armour Shop.
 16368 | Orc:2    | XOM: summons friendly ufetubus
 16372 | Orc:2    | XOM: summons friendly white imp
 16407 | Orc:2    | Reached skill level 10 in Fighting
 16449 | Orc:2    | Noticed Donald
 16468 | Orc:2    | Killed Donald
 16518 | Orc:2    | Gained mutation: You are agile. (Dex +2) [evolution]
 16709 | Orc:2    | Found Waajock's Jewellery Boutique.
 16709 | Orc:2    | XOM: 2-stop teleportation journey
 16710 | Orc:2    | Noticed an orc warlord
 16718 | Orc:2    | XOM: enchant monster (good)
 16742 | Orc:2    | XOM: 6-stop teleportation journey
 16771 | Orc:2    | XOM: 2-stop teleportation journey
 16775 | Orc:2    | XOM: polymorph orc warrior -> warg
 16793 | Orc:2    | XOM: chaos upgrade
 16794 | Orc:2    | XOM: silly message
 16800 | Orc:2    | Killed an orc warlord
 16835 | Orc:2    | XOM: chaos upgrade
 17104 | Orc:2    | XOM: 1-stop teleportation journey
 17149 | Orc:2    | Found Niolagif's Weapon Shoppe.
 17310 | Orc:2    | Found Hyenwull's General Store.
 17325 | Orc:2    | XOM: silly message
 17385 | Orc:2    | Found a staircase to the Elven Halls.
 17389 | Orc:2    | Found Iwuitu's Antique Weapon Boutique.
 17391 | Orc:2    | XOM: scenery: create altars
 17392 | Orc:2    | Reached skill level 13 in Maces & Flails
 17457 | Orc:2    | Bought a crude flail for 272 gold pieces
 17457 | Orc:2    | Identified the +4 flail of Coyhuac {elec, rC+ rN+ Int+4}
                  | (You bought it in a shop on level 2 of the Orcish Mines)
 17511 | Orc:2    | XOM: silly message
 17727 | Orc:1    | XOM: stat loss: -1 Int (7/8)
 17746 | Orc:1    | Reached XP level 14. HP: 141/146 MP: 23/23
 18026 | Lair:1   | Entered Level 1 of the Lair of Beasts
 18181 | Lair:1   | XOM: give mutations
 18181 | Lair:1   | Lost mutation: You are agile. (Dex +2) [Xom's mischief]
 18181 | Lair:1   | Lost mutation: You possess an exceptional clarity of mind.
                  | [Xom's mischief]
 18235 | Lair:1   | XOM: give mutation
 18235 | Lair:1   | Lost mutation: Your tail ends in a poisonous barb. [Xom's
                  | mischief]
 18241 | Lair:1   | Noticed Maggie
 18250 | Lair:1   | Killed Maggie
 18884 | Lair:2   | XOM: potion effect (heal wounds)
 18886 | Lair:2   | XOM: cleaving
 18935 | Lair:2   | XOM: 1-stop teleportation journey
 19000 | Lair:2   | Identified Nisudd's Compendium of Beguiling (Xom gifted it
                  | to you on level 2 of the Lair of Beasts)
 19000 | Lair:2   | XOM: god gift: Nisudd's Compendium of Beguiling
 19023 | Lair:2   | Learned a level 8 spell: Discord
 19041 | Lair:2   | XOM: silly message
 19196 | Lair:2   | XOM: silly message
 19346 | Lair:2   | Got the ring "Recuirch" {rC+ Str+4}
 19939 | Lair:3   | Found a staircase to the Swamp.
 19943 | Lair:3   | Reached skill level 1 in Hexes
 19950 | Lair:3   | XOM: noise
 20162 | Lair:3   | XOM: silly message
 20823 | Lair:3   | Found a hole to the Spider Nest.
 20833 | Lair:3   | XOM: enchant monster (bad)
 20835 | Lair:3   | XOM: summons 3 friendly demons
 21536 | Lair:4   | Got an encrusted leather armour
 21547 | Lair:4   | Identified the +2 leather armour of Impermeability {rF+ rC+
                  | Int+3} (You found it on level 4 of the Lair of Beasts)
 21664 | Lair:4   | XOM: summons 1 hostile demon
 21915 | Lair:4   | Reached skill level 10 in Evocations
 22322 | Lair:4   | XOM: give mutations
 22322 | Lair:4   | Lost mutation: You rapidly evolve. [Xom's mischief]
 22322 | Lair:4   | Gained mutation: You cover ground extremely slowly. [Xom's
                  | mischief]
 22322 | Lair:4   | Lost mutation: You evolve. [Xom's mischief]
 22322 | Lair:4   | Gained mutation: You are dopey. (Int -2) [Xom's mischief]
 22408 | Lair:5   | XOM: summons friendly crimson imp
 22622 | Lair:5   | XOM: summons friendly quasit
 22682 | Lair:5   | Found a viscous altar of Jiyva.
 22682 | Lair:5   | Found a staircase to the Slime Pits.
 23014 | Lair:5   | XOM: summons 8 hostile demons
 23161 | Lair:5   | XOM: repel stairs
 23349 | Lair:5   | XOM: silly message
 23452 | Lair:5   | XOM: summons friendly quasit
 23490 | Lair:5   | XOM: divination: magic mapping
 23709 | Lair:5   | XOM: give mutations
 23709 | Lair:5   | Lost mutation: Your muscles are strong. (Str +2) [Xom's
                  | mischief]
 23709 | Lair:5   | Lost mutation: Your flesh is very heat resistant. (rF++)
                  | [Xom's mischief]
 23794 | Lair:6   | Entered Level 6 of the Lair of Beasts
 23795 | Lair:6   | XOM: scenery: create altars
 23799 | Lair:6   | XOM: polymorph wyvern -> rime drake
 23802 | Lair:5   | XOM: potion effect (berserk rage)
 23846 | Lair:5   | XOM: enchant monster (good)
 23857 | Lair:5   | Reached skill level 5 in Hexes
 24223 | Lair:6   | XOM: fog
 24293 | Lair:6   | XOM: give mutation
 24293 | Lair:6   | Lost mutation: You are robust. (+10% HP) [Xom's mischief]
 24297 | Lair:6   | XOM: cleaving
 24713 | Lair:6   | Reached XP level 15. HP: 141/142 MP: 24/24
 25270 | Lair:6   | XOM: silly message
 25321 | Lair:6   | XOM: polymorph spriggan -> yaktaur
 25326 | Lair:6   | XOM: polymorph wolf -> jelly
 25362 | Lair:6   | XOM: give mutations
 25362 | Lair:6   | Lost mutation: You are dopey. (Int -2) [Xom's mischief]
 25362 | Lair:6   | Lost mutation: You are resistant to electric shocks.
                  | (rElec) [Xom's mischief]
 25362 | Lair:6   | Lost mutation: You expend magic power (3 MP) to strengthen
                  | your wands. [Xom's mischief]
 25362 | Lair:6   | Gained mutation: You occasionally shout uncontrollably at
                  | your foes. [Xom's mischief]
 25397 | Lair:6   | XOM: give mutations
 25397 | Lair:6   | Gained mutation: Your tail ends in a poisonous barb. [Xom's
                  | mischief]
 25397 | Lair:6   | Lost mutation: You occasionally shout uncontrollably at
                  | your foes. [Xom's mischief]
 25397 | Lair:6   | Lost mutation: You are partially covered in large bone
                  | plates. (SH +4) [Xom's mischief]
 25778 | Lair:6   | Upgraded the game from 0.25-a0-1079-g858b6a6ff6 to
                  | 0.25-a0-1113-g0499d652a8
 25842 | Swamp:1  | Entered Level 1 of the Swamp
 26230 | Swamp:1  | XOM: 1-stop teleportation journey
 26319 | Swamp:1  | XOM: 4-stop teleportation journey
 26575 | Swamp:1  | Noticed Josephine
 26579 | Swamp:1  | XOM: cast spell 'Summon Mana Viper'
 26586 | Swamp:1  | Noticed Josephine
 26586 | Swamp:1  | Josephine changed into Josephine the glowing shapeshifter
 26586 | Swamp:1  | XOM: polymorph Josephine -> Josephine the glowing
                  | shapeshifter
 26587 | Swamp:1  | Noticed Josephine
 26587 | Swamp:1  | Josephine the glowing shapeshifter changed into Josephine
                  | the moth of wrath
 26590 | Swamp:1  | Killed Josephine the moth of wrath
 26737 | Swamp:1  | XOM: god gift: ration
 26792 | Swamp:1  | XOM: give mutations
 26792 | Swamp:1  | Gained mutation: You are somewhat resistant to further
                  | mutation. [Xom's grace]
 26792 | Swamp:1  | Gained mutation: Your skin changes colour to match your
                  | surroundings (Stealth+). [Xom's grace]
 26792 | Swamp:1  | Gained mutation: Your mind is acute. (Int +2) [Xom's grace]
 26876 | Swamp:1  | HP: 1/144 [shambling mangrove (10)]
 26877 | Swamp:1  | Slain by a shambling mangrove

Illustrated notes

Levels and vault maps discovered:
D:1:      wander_arrival_chamber, layout_basic, minmay_heptomino_d4
D:2:      layout_rooms, gammafunk_temple_overflow_elements, lemuel_doored_altar
D:3:      layout_basic, uniq_sigmund
D:4:      kennysheep_the_goblin_king, layout_cave_pods, serial_shops, shop,
          led_sif_book
D:5:      layout_rooms, first_ration, moated_statue, kennysheep_generic_room_8
D:6:      layout_loops_ring, minmay_temple_entry_mini_moons, serial_shops,
          nicolae_shop_window_shopping
D:7:      layout_gridville, nicolae_gozag_cash_rules_everything_around_me,
          basic_altar, the_bakery, grunt_ministairs_7, roderic_lattice_a
D:8:      layout_loops_ring, lemuel_crystal_altar, kennysheep_mini
D:9:      layout_grid_maze, laboratory, uniq_gastronok
D:10:     layout_basic, minmay_lair_entry_grove, serial_shops, shop_coins
D:11:     layout_irregular_city, david_orc_1_choice, serial_shops, shop,
          minivault_22, jmf_multi_god_temple2, uniq_grum, uniq_snorg
D:12:     layout_gridville, uniq_jorgrun
D:13:     layout_loops_corners
Temple:   eino_temple_rhombus
Lair:1:   layout_chaotic_city, chequers_serial_rivers_micro_d,
          small_statue_intersection, minivault_27, st_stairs_10,
          cheibrodos_lair_reptile_den, serial_bayou_shore_a, uniq_maggie
Lair:2:   layout_cave_pods, lemuel_fruit_tree
Lair:3:   layout_chaotic_city, minmay_swamp_entry_swarm,
          nicolae_spider_entry_orb_guardian, grunt_megastairs_3
Lair:4:   layout_misc_corridors, chequers_serial_rivers_micro_a,
          serial_bayou_shore_b, grunt_megastairs_1, infiniplex_staircase_pool_2,
          minmay_lair_oklob_chamber
Lair:5:   layout_hall_layers, slime_altar_1, grunt_megastairs_4
Lair:6:   minmay_lair_end_enchanted_forest, layout_layer_cave,
          serial_bayou_shore_b
Swamp:1:  gammafunk_its_a_trap, layout_basic_swamp, evilmike_swamp_ruin_house_1,
          uniq_josephine
Orc:1:    layout_caves, portal_ice_cave_entry_pillars_1
Orc:2:    grunt_orc_gardens, layout_caves, grunt_orc_garden, grunt_orc_garden,
          grunt_orc_garden, grunt_orc_garden, serial_shops,
          nicolae_shop_crystal, uniq_donald

Skill      XL: |  1  2  3  4  5  6  7  8  9 10 11 12 13 14 15 |
---------------+----------------------------------------------+-----
Dodging        | 1 2 3 4 5 6 7 8 9 |  9.7
Armour         | 2 3 4 5 6 7 8 9 |  9.8
Maces & Flails | 4 5 7 8 10 11 12 13 | 13.9
Shields        | 1 2 3 |  3.0
Fighting       | 4 5 6 7 8 9 10 11 | 11.7
Evocations     | 1 3 4 5 7 8 9 10 | 10.0
Hexes          | 5 7 |  7.2

Action                   |  1- 3 |  4- 6 |  7- 9 | 10-12 | 13-15 || total
-------------------------+-------+-------+-------+-------+-------++-------
Melee: Mace              |    75 |   100 |   326 |   602 |   141 ||  1244
       Tailslap          |       |       |    19 |   134 |   132 ||   285
       Headbutt          |       |       |       |   170 |    47 ||   217
       Unarmed           |       |       |       |     6 |       ||     6
       Demon whip        |       |       |       |       |   213 ||   213
       Constrict         |       |       |       |       |   219 ||   219
       Great mace        |       |       |       |       |   632 ||   632
 Abil: Spit Poison       |     6 |    15 |    27 |     9 |     7 ||    64
Evoke: Wand              |       |     3 |       |     1 |     7 ||    11
       Box of beasts     |       |       |       |       |     1 ||     1
  Use: Potion            |       |     1 |       |     1 |     4 ||     6
       Scroll            |       |     5 |     5 |    15 |    24 ||    49
 Stab: Paralysed         |       |     4 |     3 |     6 |     7 ||    20
       Confused          |       |       |     1 |     5 |     4 ||    10
       Petrified         |       |       |     1 |       |     4 ||     5
       Petrifying        |       |       |     2 |     3 |     4 ||     9
       Sleeping          |       |       |       |     4 |     1 ||     5
       Distracted        |       |       |       |     3 |     8 ||    11
       Invisible         |       |       |       |       |     1 ||     1
  Eat: Chunk             |       |     8 |    13 |    18 |    31 ||    70
       Ration            |       |       |       |       |     1 ||     1
Armor: Leather armour    |    28 |    35 |   146 |   124 |   433 ||   766
       Skin              |       |     1 |       |       |       ||     1
       Ice dragon scales |       |       |       |     6 |       ||     6
       Troll leather arm |       |       |       |    59 |       ||    59
Dodge: Dodged            |    44 |    49 |   141 |   386 |   959 ||  1579
Block: Buckler           |       |     6 |    70 |   283 |   106 ||   465
       Kite shield       |       |       |       |       |    32 ||    32
       Reflection        |       |       |       |       |     1 ||     1
       Other             |       |       |       |       |   134 ||   134

Table legend:
 A = Non-vault XP
 B = Vault XP
 C = Vault XP percentage of total XP
 D = Non-vault monster count
 E = Vault monster count
 F = Vault count percentage of total count
                 A         B        C        D         E       F
            +---------+---------+-------+---------+---------+-------
      Total |   64535 |   40819 |  38.7 |     421 |     173 |  29.1
            +---------+---------+-------+---------+---------+-------
        D:1 |      24 |       7 |  22.6 |      15 |       4 |  21.1
        D:2 |      74 |       0 |   0.0 |      14 |       0 |   0.0
        D:3 |      62 |     223 |  78.2 |       8 |       1 |  11.1
        D:4 |     284 |      52 |  15.5 |       9 |       8 |  47.1
        D:5 |     474 |       3 |   0.6 |      18 |       1 |   5.3
        D:6 |     751 |       0 |   0.0 |      21 |       0 |   0.0
        D:7 |    1088 |     226 |  17.2 |      20 |       5 |  20.0
        D:8 |    2266 |       0 |   0.0 |      26 |       0 |   0.0
        D:9 |     729 |       0 |   0.0 |      17 |       0 |   0.0
       D:10 |    4144 |    1509 |  26.7 |      29 |      11 |  27.5
       D:11 |    3295 |    5992 |  64.5 |      16 |      20 |  55.6
       D:12 |    4016 |    3159 |  44.0 |      22 |       1 |   4.3
       D:13 |    4145 |       0 |   0.0 |      20 |       0 |   0.0
     Lair:1 |    1624 |    1577 |  49.3 |       9 |       5 |  35.7
     Lair:2 |    2465 |       0 |   0.0 |      19 |       0 |   0.0
     Lair:3 |    4412 |    1695 |  27.8 |      22 |       8 |  26.7
     Lair:4 |    4583 |     350 |   7.1 |      16 |       3 |  15.8
     Lair:5 |   10677 |     189 |   1.7 |      36 |       1 |   2.7
     Lair:6 |    6736 |    8360 |  55.4 |      21 |      45 |  68.2
    Swamp:1 |    7124 |    1231 |  14.7 |      21 |       5 |  19.2
      Orc:1 |    3506 |       0 |   0.0 |      22 |       0 |   0.0
      Orc:2 |    2056 |   11547 |  84.9 |      20 |      28 |  58.3
      IceCv |       0 |    4699 | 100.0 |       0 |      27 | 100.0
            +---------+---------+-------+---------+---------+-------
